[Event "Early-Titled-Tuesday-Blitz-October-17-2023"]
[Site "Chess.com"]
[Date "2023.10.17"]
[Round "11"]
[White "Szczor"]
[Black "djokovic74"]
[Result "1-0"]
[WhiteElo "2581"]
[BlackElo "2727"]
[TimeControl "180+1"]
[EndTime "10:11:03 PDT"]
[Termination "Szczor won by checkmate"]

1. d4 e6 2. c4 Nf6 3. Nf3 Bb4+ 4.
Bd2 Qe7 5. g3 Nc6 6. Bg2 Bxd2+ 7. Qxd2 Ne4 8. Qc2 Qb4+ 9. Kf1 d5 10. cxd5 exd5 11. a3 Qe7 12. Nc3 Nxc3 13. Qxc3 O-O 14. e3 Bf5 15. h3 Be4 16. Nd2 Bxg2+ 17. Kxg2 Nd8 18. Qc5 Qd7 19. Nf3 f6 20. Qc2 c6 21.
b4 Nf7 22. a4 Nd6 23. Nd2 Rae8 24. Rhb1 a6 25. a5 Qc7 26. Qd3 g6 27. Rc1 Nf5 28. Nb3 Re7 29. Nc5 Rfe8 30. Re1 Nd6 31. Rad1 Nc4 32. Qc2 Nd6 33. Re2 Kg7 34. Rde1 Nf5 35.
Qd3 Qd6 36. Qc3 Qb8 37. Qd3 Nd6 38. Qc3 Ne4 39. Nxe4 dxe4 40. Qb3 Rd7 41. Rc2 Rd5 42. Rc5 Red8 43. Rec1 R8d7 44. Rxd5 Rxd5 45. Rc5 Qd8 46.
Qc2 f5 47. Rxd5 Qxd5 48. Qc5 Qxc5 49. bxc5 Kf6 50. g4 fxg4 51. hxg4 h5 52. gxh5 gxh5 53.
f3 Kf5 54. Kg3 exf3 55. Kxf3 h4 56. e4+ Kg5 57. d5 cxd5 58. exd5 Kf6 59. Kg4 Ke5 60. d6 Ke6 61. Kxh4 b5 62. axb6 a5 63. b7 a4 64. b8=Q a3 65. Qb3+ Kd7 66. Qxa3 Kc6 67. Qb4 Kd7 68. Qb7+ Kd8 69. Qc7+ Ke8 70. Qe7# 1-0

[Event "Early-Titled-Tuesday-Blitz-October-17-2023"]
[Site "Chess.com"]
[Date "2023.10.17"]
[Round "11"]
[White "Chessbard1972"]
[Black "kritipatel"]
[Result "1-0"]
[WhiteElo "2337"]
[BlackElo "2125"]
[TimeControl "180+1"]
[EndTime "10:11:04 PDT"]
[Termination "Chessbard1972 won by checkmate"]

1. e4 e5 2. Nf3 Nc6 3. Bc4 Nf6 4.
Ng5 d5 5. exd5 Na5 6. Bb5+ c6 7. dxc6 bxc6 8. Bd3 Nd5 9. Nf3 Bd6 10. O-O Nf4 11. Re1 Nxd3 12. cxd3 Qf6 13. Nxe5 O-O 14. d4 Bb7 15. Nc3 Rfe8 16. Ne4 Qe7 17. Nxd6 Qxd6 18. d3 Qxd4 19. Re4 Qd6 20. Bf4 Qf6 21. Bg3 c5 22.
Re1 Nc6 23. Nxc6 Qxc6 24. f3 Rad8 25. Rxe8+ Qxe8 26. Qc2 Qb5 27. Re1 h6 28. Bf2 Ba6 29. Bxc5 Qxd3 30. Qxd3 Rxd3 31. b4 Rd2 32. a4 Bc4 33.
Re7 Ra2 34. Rxa7 Ra1+ 35. Kf2 Ra2+ 36. Kg3 Bf1 37. b5 Rxg2+ 38. Kf4 Rxh2 39. b6 Rb2 40. a5 Kh7 41. Rxf7 Bc4 42. Rc7 Bd5 43. Bf8 Rb3 44.
Bxg7 Rxf3+ 45. Ke5 Ba8 46. b7 Bxb7 47. Rxb7 Kg6 48. a6 Ra3 49. a7 Ra5+ 50. Kd6 h5 51.
Be5 h4 52. Bd4 h3 53. Rg7+ Kf5 54. Rh7 Kg4 55. Bb6 Ra6 56. Kc7 Kg3 57. Kb7 Ra1 58.
a8=Q Rxa8 59. Kxa8 h2 60. Bc7+ Kg2 61. Bxh2 Kf1 62. Bb8 Ke2 63. Kb7 Kf1 64. Rh2 Ke1 65.
Ra2 Kf1 66. Kb6 Ke1 67. Kb5 Kd1 68. Kb4 Kc1 69. Kb3 Kb1 70. Rh2 Kc1 71. Bc7 Kd1 72. Kc3 Ke1 73. Kd3 Kf1 74. Ke3 Kg1 75. Rc2 Kf1 76. Bd6 Ke1 77. Rc1# 1-0

[Event "Early-Titled-Tuesday-Blitz-October-17-2023"]
[Site "Chess.com"]
[Date "2023.10.17"]
[Round "11"]
[White "Wizard_97"]
[Black "kingofthenil"]
[Result "0-1"]
[WhiteElo "2578"]
[BlackElo "2725"]
[TimeControl "180+1"]
[EndTime "10:11:06 PDT"]
[Termination "kingofthenil won by checkmate"]

1. e4 Nc6 2. d4 d5 3. e5 Bf5 4. Nf3 e6 5. Bb5 Ne7 6. O-O a6 7. Bd3 f6 8. Re1 Qd7 9. c3 Bxd3 10. Qxd3 fxe5 11. dxe5 Ng6 12. Nbd2 Bc5 13. Nb3 Bb6 14. Be3 Bxe3 15. Rxe3 O-O 16. Rae1 Nf4 17. Qc2 Qf7 18. g3 Ng6 19. Nc5 Qe7 20. Nd3 Rf5 21. Kg2 Raf8 22. Qe2 Qf7 23. h4 h6 24. Rf1 Nge7 25. g4 Qg6 26. Kh3 Rf4 27. Nxf4 Rxf4 28. Rg1 h5 29. Ng5 hxg4+ 30. Rxg4 Qf5 31. Kg3 Ng6 32. h5 Ncxe5 33. Rxe5 Rxg4+ 34. Qxg4 Qxe5+ 35. Kf3 Qf6+ 36. Kg3 Nf8 37.
f4 e5 38. fxe5 Qxe5+ 39. Kh4 Qf6 40. Kg3 c6 41. Nf3 Ne6 42. Nh4 Ng5 43. Nf5 Ne4+ 44. Kh3 Kf8 45. Kg2 Ng5 46. Nd4 Ne4 47. Qc8+ Kf7 48.
Qxb7+ Kg8 49. Qc8+ Kh7 50. Qf5+ Kh6 51. Qxf6+ gxf6 52. Nxc6 Kxh5 53. Nb8 a5 54. Na6 Kg4 55. Nc7 f5 56. Nxd5 f4 57. Nxf4 Kxf4 58. b4 a4 59.
b5 Ke5 60. c4 a3 61. Kf3 Nc3 62. Ke3 Nxa2 63. Kd2 Nb4 64. Kc3 Kd6 65. Kb3 a2 66. Kb2 Kc5 67. Ka1 Kxc4 68. b6 Kb3 69. b7 Nc2# 0-1

[Event "Early-Titled-Tuesday-Blitz-October-17-2023"]
[Site "Chess.com"]
[Date "2023.10.17"]
[Round "11"]
[White "sorch29"]
[Black "borocotoajua"]
[Result "1-0"]
[WhiteElo "2428"]
[BlackElo "2564"]
[TimeControl "180+1"]
[EndTime "10:11:06 PDT"]
[Termination "sorch29 won by resignation"]

1. c4 Nf6 2. Nc3 g6 3. e4 d6 4. d4 Bg7 5. Be2 O-O 6. Nf3 e5 7. d5 a5 8. Bg5 h6 9. Bh4 Nbd7 10.
Nd2 Nc5 11. O-O Bd7 12. b3 Qe8 13. a3 Nh7 14. b4 Na6 15. Rb1 axb4 16. axb4 Ng5 17.
Qc2 f5 18. f3 Bf6 19. Bf2 h5 20. c5 h4 21. Nc4 h3 22. g3 Be7 23. cxd6 cxd6 24.
Qd3 fxe4 25. fxe4 Nh7 26. Nb6 Rd8 27. Qd1 Rxf2 28. Rxf2 Bg5 29. Qd3 Nf6 30. Nxd7 Rxd7 31. Rbf1 Rf7 32. Nb5 Qd8 33. Qc4 Qb6 34. Kh1 Qe3 35. Nxd6 Rf8 36. Qd3 Qb6 37. Nc4 Qd8 38. Nxe5 Kg7 39. Nf3 Ng4 40. Qd4+ Bf6 41. e5 Nxf2+ 42.
Rxf2 Bg5 43. Nxg5 Qxg5 44. Rxf8 Kxf8 45. Bxa6 Qc1+ 46. Qg1 Qd2 47. Qf1+ Kg7 48. Be2 Qxd5+ 49. Bf3 Qxe5 50. Qxh3 Qe1+ 51. Qf1 Qd2 52. b5 b6 53. Bg2 Qd6 54. Qb1 Qc5 55. h4 g5 56. Kh2 gxh4 57. gxh4 Qe5+ 58. Kh1 Qf4 59. Qe1 Qd4 60. Qe7+ Kh8 61.
Qe8+ Kg7 62. Qe7+ Kh8 63. Qe4 Qa1+ 64. Kh2 Qf6 65. Qe8+ Kg7 66. Qe4 Qd6+ 67. Kh3 Qa3+ 68. Qf3 Qd6 69. Qg3+ Qxg3+ 70. Kxg3 Kh6 71. Kf4 Kg7 72. Ke5 1-0

[Event "Early-Titled-Tuesday-Blitz-October-17-2023"]
[Site "Chess.com"]
[Date "2023.10.17"]
[Round "11"]
[White "Msb2"]
[Black "seopie"]
[Result "1/2-1/2"]
[WhiteElo "3059"]
[BlackElo "2863"]
[TimeControl "180+1"]
[EndTime "10:11:07 PDT"]
[Termination "Game drawn by repetition"]

1. d4 Nf6 2. c4 e6 3. Nc3 Bb4 4. e3 b6 5. Bd3 Bb7 6. Nf3 Ne4 7.
O-O Nxc3 8. bxc3 Bxc3 9. Rb1 c5 10. Qc2 cxd4 11. exd4 Ba5 12. Bg5 Qc7 13. d5 h6 14.
Bh4 Na6 15. Qb2 O-O 16. Bg3 Qd8 17. Rbd1 Bb4 18. Bb1 exd5 19. Ne5 f5 20. Ng6 Rf6 21.
Bh4 Qe8 22. Nf4 Rf8 23. Nxd5 Bc5 24. Rfe1 Qg6 25. Be7 Rfe8 26. Bxc5 Nxc5 27. Nf4 Qf7 28. h3 Bc6 29. Qd4 Ne6 30. Qd6 Nxf4 31. Qxf4 Be4 32.
Bxe4 fxe4 33. Rxe4 Rxe4 34. Qxe4 Rc8 35. Rd4 Re8 36.
Qc2 Re1+ 37. Kh2 Qe6 38. Qd2 Qe5+ 39. f4 Qe2 40. Rxd7 Qxd2 41. Rxd2 Re4 42. Rd8+ Kh7 43. f5 Rxc4 44. Rd7 Ra4 45. f6 Kg6 46. fxg7 Kh7 47. Rd2 Kxg7 48. g4 Kg6 49. Kg3 b5 50. Kh4 Ra3 51.
Rd6+ Kg7 52. Rd7+ Kg6 53. Rd6+ Kg7 54. Rd2 a6 55. Rc2 a5 56. Rd2 b4 57. Rc2 Kg6 58. Re2 Kg7 59. Rh2 Kg6 60. Rg2 Rc3 61. Rd2 Ra3 62.
Rh2 Rc3 63. Re2 Ra3 64. Re6+ Kg7 65. Re7+ Kg6 66. Re2 Kg7 67. Rh2 Kg6 68. Rc2 Rc3 69. Rd2 Ra3 70. Rg2 Kg7 71. Rh2 1/2-1/2

[Event "Early-Titled-Tuesday-Blitz-October-17-2023"]
[Site "Chess.com"]
[Date "2023.10.17"]
[Round "11"]
[White "Maxfan2008"]
[Black "SlavenPastar"]
[Result "1/2-1/2"]
[WhiteElo "2534"]
[BlackElo "2642"]
[TimeControl "180+1"]
[EndTime "10:11:16 PDT"]
[Termination "Game drawn - insufficient material"]

1. d4 b6 2. c4 Bb7 3. Nc3 g6 4. e4 Bg7 5. d5 Bxc3+ 6. bxc3 e5 7. h4 d6 8. h5 Nd7 9. Nh3 Qe7 10. Ng5 Nc5 11. hxg6 fxg6 12. Qg4 Bc8 13. Qg3 Nf6 14. f3 Bd7 15. Be2 O-O-O 16. a4 a5 17. Be3 Nxa4 18.
Ne6 Bxe6 19. Rxa4 Bd7 20. Ra3 Be8 21. Kd2 Nd7 22. Rb1 Nc5 23. Bxc5 dxc5 24. Bd1 Bd7 25. Kc1 Qf6 26. Rb2 h5 27. Qf2 Rdf8 28. Rb1 g5 29.
Qb2 Kd8 30. Ba4 Qf4+ 31. Kc2 Qe3 32. Bxd7 Qe2+ 33. Kb3 Qxb2+ 34. Rxb2 Kxd7 35. Ka4 g4 36. fxg4 hxg4 37. Ra1 Rf4 38. Re2 g3 39. Rae1 Rh2 40. Kb5 Rf2 41. Rxf2 gxf2 42. Rf1 Rxg2 43. Ka4 Rg4 44.
Rxf2 Rxe4 45. Kb5 Re3 46. Rf7+ Kd8 47. Rf8+ Ke7 48. Rc8 Kd7 49. Rh8 Rxc3 50. Rh7+ Kd8 51. Kc6 Rxc4 52. Rd7+ Ke8 53. Rxc7 Rd4 54. d6 c4 55.
Rc8+ Kf7 56. d7 Kf6 57. d8=Q+ Rxd8 58. Rxd8 c3 59. Kb5 c2 60. Rc8 e4 61. Rxc2 Ke5 62. Kxb6 Kd4 63. Kxa5 Kd3 64. Rc8 e3 65.
Rd8+ Kc3 66. Re8 Kd2 67. Kb4 e2 68. Rd8+ Kc2 69. Rc8+ Kd2 70. Rd8+ Kc2 71. Re8 Kd1 72.
Kc4 e1=Q 73. Rxe1+ Kxe1 1/2-1/2

[Event "Early-Titled-Tuesday-Blitz-October-17-2023"]
[Site "Chess.com"]
[Date "2023.10.17"]
[Round "11"]
[White "LeoLV10"]
[Black "viktorgen2021"]
[Result "0-1"]
[WhiteElo "2580"]
[BlackElo "2447"]
[TimeControl "180+1"]
[EndTime "10:11:20 PDT"]
[Termination "viktorgen2021 won by resignation"]

1. e4 g6 2. d4 Bg7 3. f4 d6 4.
Nc3 Nf6 5. Nf3 O-O 6. Bd3 Na6 7. O-O c5 8. d5 Rb8 9. a4 Nb4 10. Bc4 b6 11. h3 a6 12. Re1 Bd7 13. e5 Ne8 14.
Ne4 b5 15. axb5 Bxb5 16. Bxb5 axb5 17. c3 dxe5 18. cxb4 exf4 19. bxc5 Nc7 20. d6 Ne6 21. d7 Qc7 22. Kh1 Rfd8 23. c6 Qxc6 24. Neg5 Nxg5 25. Nxg5 Rxd7 26. Qb3 e6 27. Bxf4 Rbd8 28. Rac1 Qb7 29.
Nf3 Rd3 30. Rc7 Qxf3 31. gxf3 Rxb3 32. Kg2 Rxb2+ 33. Kg3 h6 34. h4 b4 35. Rb7 Bc3 36.
Re4 Rb1 37. Rc4 Rg1+ 38. Kh2 Rdd1 39. Rc8+ Kg7 40. Rcc7 Rh1+ 41. Kg3 Rdg1+ 42. Kf2 Bd4+ 43. Ke2 Rg2+ 44. Kd3 Rd1+ 45. Kc4 Rc2+ 46. Kxb4 Rb1+ 47. Ka3 Rxc7 48. Rxc7 Rf1 49. Kb4 Rxf3 50. Bd6 Bb2 51. Rc2 Bf6 52. Rc4 g5 53. h5 Rf5 54. Rc8 Rd5 55. Bf8+ Kh7 56. Bc5 Bg7 57. Rc7 Rf5 58.
Re7 Rf4+ 59. Kb5 g4 60. Kc6 Rf5 61. Bd6 g3 62. Bxg3 Rxh5 63. Rxf7 Rg5 64. Bd6 Kg6 65. Rf1 h5 66. Rh1 Rg4 67. Kd7 e5 68. Ke6 e4 69.
Kd5 Bh6 70. Be5 e3 71. Bd4 h4 72. Kc4 Kh5 73. Kd3 Rg3 74. Rh2 Kg4 75. Bf6 h3 76. Be5 Rg2 77. Rh1 e2 78. Kc2 Bg5 79. Rf1 exf1=Q+ 0-1

[Event "Early-Titled-Tuesday-Blitz-October-17-2023"]
[Site "Chess.com"]
[Date "2023.10.17"]
[Round "11"]
[White "Byniolus"]
[Black "bescmelasti"]
[Result "1-0"]
[WhiteElo "2788"]
[BlackElo "2625"]
[TimeControl "180+1"]
[EndTime "10:11:21 PDT"]
[Termination "Byniolus won on time"]

1. d4 Nf6 2. Nf3 d5 3. Bf4 e6 4. e3 Bd6 5. Bg3 O-O 6. Nbd2 c5 7. c3 Qc7 8. Be2 Nbd7 9. c4 b6 10. Rc1 Bb7 11. dxc5 bxc5 12. Qa4 Bxg3 13. hxg3 Qd6 14. Qa3 h6 15. O-O a5 16. Rfd1 Rfc8 17. cxd5 exd5 18. Bb5 Qb6 19. Qa4 Bc6 20. Bxc6 Rxc6 21. b3 Rcc8 22. Nb1 Qb4 23. Nc3 Nb6 24. Qb5 Ne4 25. Qd3 Nxc3 26.
Qxc3 Qxc3 27. Rxc3 a4 28. Rdc1 axb3 29. axb3 c4 30.
Ne5 Ra3 31. bxc4 Rxc3 32. Rxc3 dxc4 33. Kf1 f6 34. Ng6 Kf7 35. Nf4 g5 36. Ne2 Nd5 37. Rc1 c3 38. e4 Nb4 39. Rxc3 Rd8 40. f3 Rd1+ 41. Kf2 Kg6 42. g4 Nd3+ 43. Ke3 Ne1 44. g3 Ng2+ 45. Kf2 Ne1 46. f4 h5 47. f5+ Kh6 48. Rc6 Nd3+ 49. Ke3 Kg7 50. Rd6 Nb2 51. Rxd1 Nxd1+ 52. Kd2 Nf2 53. gxh5 Nxe4+ 54. Ke3 Nd6 55.
g4 Nf7 56. Kf3 Ne5+ 57. Kg3 Kf7 58. Nd4 Kg7 59. Nf3 Nd3 60. Kg2 Nf4+ 61. Kf2 Nd3+ 62.
Ke3 Nf4 63. Ke4 Nh3 64. Nh2 Nf2+ 65. Ke3 Nh3 66. Kf3 Nf4 67. Nf1 Kh6 68. Ne3 Nd3 69.
Ke4 Ne5 70. Kd5 Kg7 71. Ke6 Nd3 72. Ke7 Ne5 73. Kd6 Nd3 74. Ke6 Ne5 75. Ke7 Nd3 76.
Nd5 1-0

[Event "Early-Titled-Tuesday-Blitz-October-17-2023"]
[Site "Chess.com"]
[Date "2023.10.17"]
[Round "11"]
[White "Khromkin"]
[Black "Happy1712Drummer"]
[Result "0-1"]
[WhiteElo "2505"]
[BlackElo "2404"]
[TimeControl "180+1"]
[EndTime "10:11:25 PDT"]
[Termination "Happy1712Drummer won on time"]

1. d4 Nf6 2. c4 e6 3. Nf3 d5 4. Nc3 c5 5. cxd5 exd5 6. g3 Nc6 7. Bg2 cxd4 8. Nxd4 Bc5 9. Nb3 Bb6 10. O-O d4 11. Na4 O-O 12. Nxb6 axb6 13. Bg5 h6 14. Bxf6 Qxf6 15. Bxc6 bxc6 16. Qxd4 Qxd4 17. Nxd4 c5 18. Nc6 Re8 19. Rfd1 Bb7 20. Rd6 Rxe2 21. b4 Raxa2 22. Rxa2 Rxa2 23. b5 c4 24. Rd7 Ra1+ 25. Kg2 Ba8 26.
f3 c3 27. Rc7 c2 28. Ne7+ Kh7 29. Rxc2 Ra3 30. Nc6 Rb3 31. Nd4 Rb4 32. Rd2 Bd5 33.
Kf2 Bc4 34. h4 Bxb5 35. Nxb5 Rxb5 36. Rd7 Kg6 37. g4 h5 38. Rd6+ f6 39. g5 Kf5 40.
gxf6 gxf6 41. Rd7 Kf4 42. Rd4+ Ke5 43. Rd7 Rb4 44. Kg3 Kf5 45. Rd5+ Kg6 46. Rd8 b5 47. Rb8 Rb1 48. Rb6 Kf5 49. Rb8 b4 50. Rh8 Kg6 51. Rb8 b3 52. Rb5 b2 53. Kf4 Kf7 54. Rb8 Ke6 55. Rb7 Kd6 56. Rb8 Kd5 57.
Kf5 Rf1 58. Rxb2 Rxf3+ 59. Kg6 Ke5 60. Kxh5 f5 61. Rb5+ Kf4 62. Rb4+ Kg3 63. Kg5 f4 64. h5 Rf1 65. h6 f3 66. Rg4+ Kf2 67. h7 Rh1 68. Rh4 Rxh4 69. Kxh4 Kg1 70. h8=Q f2 71.
Qd4 Kh1 72. Qe4+ Kg1 73. Qe3 Kh1 74. Qe4+ Kg1 75. Qd4 Kh1 0-1

[Event "Early-Titled-Tuesday-Blitz-October-17-2023"]
[Site "Chess.com"]
[Date "2023.10.17"]
[Round "11"]
[White "Aswathchess"]
[Black "krzyzan94"]
[Result "0-1"]
[WhiteElo "2661"]
[BlackElo "2791"]
[TimeControl "180+1"]
[EndTime "10:11:34 PDT"]
[Termination "krzyzan94 won on time"]

1. d4 Nf6 2. c4 e6 3. g3 c5 4. d5 exd5 5. cxd5 d6 6. Bg2 g6 7.
Nc3 Bg7 8. Nf3 O-O 9. O-O a6 10. a4 Re8 11. Bf4 Ne4 12. Nxe4 Rxe4 13. Nd2 Rxf4 14.
gxf4 Bxb2 15. Rb1 Bg7 16. Nc4 Ra7 17. Rb6 Bf8 18. a5 Nd7 19. Rb3 Ra8 20. e3 Nf6 21.
Nb6 Rb8 22. Nxc8 Qxc8 23. Qd2 Qc7 24. Rfb1 Nd7 25. Qb2 Qxa5 26. Rxb7 Rxb7 27. Qxb7 Nf6 28. Qc8 Kg7 29. Bf3 Qa2 30. Rb8 Be7 31. Qc7 Nxd5 32. Qb7 Bh4 33. Qb2+ Qxb2 34. Rxb2 Nb4 35. Rb3 a5 36.
Ra3 Bd8 37. Kf1 Kf6 38. Ke1 d5 39. Kd2 Ke6 40. Be2 Kd6 41. Bd1 c4 42. f3 Kc5 43.
Ra1 Bc7 44. Be2 d4 45. Rc1 c3+ 46.
Ke1 a4 47. Kf1 a3 48. exd4+ Kxd4 49. Rd1+ Kc5 50. Ra1 a2 51. Bd1 c2 52. Bxc2 Nxc2 53. Rxa2 Ne3+ 54. Ke2 Bxf4 55. Ra7 Nf5 56. Rxf7 h5 57.
Rf6 Nd4+ 58. Kd3 Bxh2 59. Ke4 g5 60. Rh6 h4 61. Rh7 Nc6 62. Kf5 Bf4 63. Rf7 Kd5 64. Rd7+ Kc5 65. Rd1 Nd4+ 66. Kg4 Nc2 67. Rh1 Ne3+ 68.
Kh5 Kd4 69. Ra1 Kd3 70. Ra5 Ke2 71. Ra2+ Kxf3 72. Ra3 h3 73. Ra1 h2 74. Rb1 Kg2 0-1

[Event "Early-Titled-Tuesday-Blitz-October-17-2023"]
[Site "Chess.com"]
[Date "2023.10.17"]
[Round "11"]
[White "noblerone"]
[Black "Kostukov_Alex"]
[Result "1-0"]
[WhiteElo "2512"]
[BlackElo "2381"]
[TimeControl "180+1"]
[EndTime "10:11:34 PDT"]
[Termination "noblerone won on time"]

1. d4 g6 2. Nf3 Bg7 3. Bg5 d6 4. c3 h6 5. Bh4 g5 6. Bg3 f5 7.
e3 Nf6 8. Bc4 e6 9. a4 Qe7 10.
h3 O-O 11. Nbd2 Nc6 12. Qc2 Kh8 13. Ba2 e5 14. dxe5 dxe5 15. e4 f4 16. Bh2 Be6 17.
Bxe6 Qxe6 18. a5 Rad8 19. O-O Nd7 20. Rfd1 b6 21. b4 Nf6 22. axb6 axb6 23. Re1 Rd7 24. Qb3 Qe7 25. Qa4 Qe6 26. Qb3 Qxb3 27. Nxb3 g4 28.
hxg4 Nxg4 29. Nh4 Rfd8 30. Nf5 Ne7 31. Nh4 Kh7 32. Rac1 Bf6 33. Nf3 Rd3 34. Kf1 Rg8 35.
Bg1 Rgd8 36. Ke2 R3d7 37. Red1 Rxd1 38. Rxd1 Rxd1 39. Kxd1 Kg6 40. Ke2 Kf7 41. Ne1 h5 42. f3 Nh6 43. Bf2 Ke6 44. Nd3 Nf7 45. Nd2 Nd6 46.
Nb2 Ng6 47. Nbc4 Nxc4 48. Nxc4 Be7 49. Na3 Kd7 50. Kd3 Kc6 51. Nc4 b5 52. Na5+ Kd7 53.
Nb3 c6 54. Na5 Bd8 55. Nb3 Be7 56. Kc2 Bh4 57. Bg1 Be7 58. Bf2 Ke6 59. Kd3 Kf6 60.
Ke2 Kg5 61. Na5 c5 62. Bxc5 Bxc5 63. bxc5 Ne7 64. Nb7 Nc6 65. Nd6 b4 66. cxb4 Nxb4 67. Nc4 Kf6 68. Na5 Ke6 69. Kf2 Na6 70. c6 Kd6 71. Kg1 Nb4 72. Kh2 Nd3 73. Kh3 Ne1 74.
Nc4+ Kxc6 75. Nxe5+ Kc5 76. Ng6 Nd3 77. Kh4 Kd4 78.
Kxh5 Ne1 79. Nxf4 Ke3 80. Kg4 Nc2 81. e5 Nd4 82. e6 Nc6 83. Ng6 1-0

[Event "Early-Titled-Tuesday-Blitz-October-17-2023"]
[Site "Chess.com"]
[Date "2023.10.17"]
[Round "11"]
[White "santosalberto1987"]
[Black "Dewarfd"]
[Result "1/2-1/2"]
[WhiteElo "2411"]
[BlackElo "2215"]
[TimeControl "180+1"]
[EndTime "10:11:54 PDT"]
[Termination "Game drawn by repetition"]

1. e4 e5 2. Nf3 Nc6 3. Bc4 Nf6 4.
d3 Be7 5. O-O d6 6. c3 O-O 7.
Bb3 Na5 8. Bc2 c5 9. Nbd2 Be6 10. Re1 Nc6 11. Nf1 b5 12. h3 a5 13. d4 cxd4 14.
cxd4 exd4 15. Nxd4 Nxd4 16. Qxd4 Nd7 17. Bf4 Ne5 18.
Ne3 Ng6 19. Bg3 Bf6 20. Qxd6 Bxb2 21. Rab1 Bc3 22. Red1 b4 23. Bb3 Bxb3 24. axb3 Qxd6 25. Bxd6 Rfd8 26. f4 a4 27. bxa4 Rxa4 28. f5 Nf8 29. Bc5 Raa8 30. Rxd8 Rxd8 31. Nd5 Nd7 32. Bxb4 Bxb4 33.
Rxb4 h5 34. Rb5 Re8 35. Rb4 Nc5 36. Nc3 f6 37. Rc4 Nd3 38. Rd4 Nf4 39. Kh2 h4 40. Nd5 Ne2 41. Rd2 Rxe4 42. Nc7 Ng3 43. Rd1 Nxf5 44. Nd5 Ng3 45. Nc3 Re3 46. Nd5 Re2 47. Nf4 Ra2 48. Ng6 Ra4 49. Nxh4 Rxh4 50. Kxg3 Rh6 51. Rd7 Rg6+ 52. Kf3 Kh7 53. h4 Rh6 54. g3 Kg6 55. Rd8 Rh5 56. Kf4 Rf5+ 57. Kg4 Ra5 58. Rd4 Kh6 59. Rb4 Ra3 60. Rb5 Ra4+ 61. Kf5 Ra3 62. g4 Rf3+ 63. Ke6 Rf4 64.
g5+ fxg5 65. hxg5+ Kg6 66. Ke7 Rf5 67. Rb1 Rxg5 68.
Ke6 Rg2 69. Ke5 Kg5 70. Ke4 Kg4 71. Ke3 g5 72. Rb8 Kg3 73. Rg8 g4 74. Rg7 Rg1 75. Ke2 Kh3 76. Kf2 Rg2+ 77. Kf1 Kg3 78. Ra7 Rb2 79. Ra3+ Kh4 80. Kg1 g3 81. Ra8 Rb1+ 82. Kg2 Rb2+ 83. Kg1 Rb1+ 84. Kg2 Rb2+ 85. Kg1 1/2-1/2

[Event "Early-Titled-Tuesday-Blitz-October-17-2023"]
[Site "Chess.com"]
[Date "2023.10.17"]
[Round "11"]
[White "DanyKopy"]
[Black "Rutricks"]
[Result "0-1"]
[WhiteElo "2541"]
[BlackElo "2669"]
[TimeControl "180+1"]
[EndTime "10:11:56 PDT"]
[Termination "Rutricks won by resignation"]

1. d4 g6 2. e4 Bg7 3. Nc3 c6 4. Bc4 d5 5. exd5 b5 6. Bd3 b4 7. Nce2 cxd5 8. Nf3 Nc6 9. h3 Nh6 10. a3 bxa3 11. Rxa3 Bf5 12. O-O O-O 13. c3 Bxd3 14. Qxd3 Nf5 15. Bf4 Nd6 16. Bxd6 Qxd6 17. Ra6 Rfb8 18. b4 Qd7 19. Rfa1 Rb7 20. Nc1 e5 21. dxe5 Nxe5 22. Nxe5 Bxe5 23. Nb3 Rc7 24. Nc5 Qe7 25. Qxd5 Rd8 26. Qf3 Bd6 27. Ne4 Be5 28. Qe3 Bxc3 29. Rxa7 Bxa1 30. Rxa1 Rc4 31. Re1 f5 32. Qb3 Rc8 33.
b5 fxe4 34. b6 Qb7 35. Rc1 Qf7 36. Rxc4 Qxc4 37. b7 Qxb3 38. bxc8=Q+ Kg7 39. Qc7+ Kh6 40. Qf4+ Kg7 41. Qxe4 Qd1+ 42. Kh2 Qd6+ 43. g3 Qb6 44.
Kg2 Qa7 45. h4 h5 46. Qe5+ Kh7 47. Qd5 Qe7 48. Kf3 Qf6+ 49. Kg2 Qe7 50. Kf3 Qf6+ 51.
Ke3 Qe7+ 52. Qe4 Qa7+ 53. Kf3 Qf7+ 54. Kg2 Qc7 55. f3 Qd7 56. g4 hxg4 57. fxg4 Qd2+ 58.
Kg3 Qc3+ 59. Qf3 Qe5+ 60. Qf4 Qe1+ 61. Qf2 Qe5+ 62. Kg2 Qe4+ 63. Qf3 Qc2+ 64. Kh3 Qc7 65. Qd3 Kg7 66. Qd4+ Kh7 67. Qe4 Kg7 68. Qd4+ Kh7 69. Qe3 Qf7 70. Kg3 Qc7+ 71. Kf3 Qf7+ 72. Ke2 Qc4+ 73. Kf3 Qf1+ 74. Ke4 Qg2+ 75. Qf3 Qc2+ 76. Ke5 Qc7+ 77. Ke6 Qc8+ 78. Ke7 Qc7+ 79. Ke6 Qc8+ 80.
Kd6 Qb8+ 81. Kc5 Qa7+ 82. Kb5 Qd7+ 83. Kb6 Qd8+ 84. Ka7 Qxh4 85. Qf7+ Kh6 86. Qf8+ Kg5 87. Qe7+ Kxg4 88. Qe4+ Kh5 89. Qd5+ g5 90. Qf7+ Kg4 91. Qe6+ Kg3 92. Qe1+ Kf3 93. Qd1+ Kf4 94. Qd4+ Kf5 95. Qd7+ Kf4 96. Qd4+ Kf3 97. Qd1+ Kg2 98. Qe1 Qxe1 0-1